← All builds
Tech / Armada / Economy first / OBSERVED BUILD

Standard tech

Armada Tech (Eco) build order · Supreme Isthmus

Rushes T2 by 4:15, gets Advanced Metal Extractor around 5:28, hands off T2 constructors to Geo and the team, then scales eco and supplies the team's T2 needs through the rest of the game.

Usually first T2 con to Geo (83%)

#eco #t2 #team support · 1593 distinct matches · 254 players · 60% of Armada Tech games · team won 54% of 1902 · Recently observed

HOW TO PLAY IT

Key timing: T2 factory by 4:15

  1. Open 3 mex and heavy wind to fund a fast T2 rush.
  2. Put down Bot Lab, planning to eat it for reclaim soon after.
  3. Get Advanced Bot Lab up, hitting the T2 factory rush timing.
  4. Upgrade mex to Advanced Metal Extractor to lock in team metal income.
  5. Eat Advanced Bot Lab and keep sending cons to Geo and Pond.

Phase by phase

TYPICAL OF ITS 1593 GAMES
  1. 1
  2. 2
  3. 3
  4. 4
PLAY THE OPENING

Follow the example game's first 6:00 step by step: what to build now, what comes next, and where it goes. At 1× it keeps pace with your own game.

  1. 1

    Up to the Bot Lab

    Economy
    • Metal Extractor3Mex
    • Wind Turbine4Wind
    Order
    1. Bot LabBot Lab after 3 mex, 4 winddone ~1:18, middle half 1:13–1:32

    Some games also: energy storage (31%)

    By 1:01 in all: 3 mex · 4 wind

    The example game in this phase · 3 steps
    1. Mex ×3
    2. Wind ×4
    3. Bot LabBot Labdone 1:19 · typical 1:18
  2. 2

    Bot Lab to Advanced Bot Lab

    Economy
    • Metal Extractor1Mex
    • Wind Turbine8Wind
    • Energy Storage1Energy storage
    Order
    1. Advanced Bot LabAdvanced Bot Lab after 4 mex, 12 wind, 3 con turretdone ~4:16, middle half 4:04–4:30
    Builders
    • Construction Turret3 Con turret
    • Lazarus3 Lazarus
    • Construction Bot2 Con bot
    • Construction Bot1 Con bot for allies

    Some games also: converter (36%)

    By 3:19 in all: 4 mex · 12 wind · 1 energy storage · 3 con turret

    The example game in this phase · 18 steps
    1. Wind
    2. LazarusLazarus
    3. Wind
    4. LazarusLazarus
    5. Wind
    6. LazarusLazarus ×2
    7. Construction BotCon bot
    8. Construction BotCon botfor Air
    9. Construction BotCon bot
    10. Con turret ×2
    11. Mex
    12. Con turret
    13. Wind ×3
    14. Bot LabEat Bot Labreclaimed for its metal
    15. Energy storage
    16. Converter
    17. Wind ×2
    18. Advanced Bot LabAdvanced Bot Labdone 4:30 · typical 4:16
  3. 3

    Advanced Bot Lab to 5:00

    Economy
    • Wind Turbine3Wind
    Order
    1. Bot LabEat Bot Lab
    Builders
    • Advanced Construction Bot1 T2 con bot for allies

    Some games also: converter (35%)

    By 5:00 in all: 4 mex · 15 wind · 1 converter · 1 energy storage · 3 con turret

    The example game in this phase · 3 steps
    1. Wind ×2
    2. Advanced Construction BotT2 con botfor Geo
    3. Wind ×5
  4. 4

    5:00 to 10:00

    Economy
    • Wind Turbine43Wind
    • Energy Converter6Converter
    Builders
    • Butler9 Butler
    • Advanced Construction Bot4 T2 con bot for allies
    • Advanced Construction Bot1 T2 con bot

    Some games also: con turret (43%) · Butler for allies (37%)

    By 10:00 in all: 4 mex · 58 wind · 8 converter · 1 energy storage · 3 con turret

    The example game in this phase · 71 steps
    1. GunslingerGunslingerfor Suicide frontdone 6:15
    2. Wind ×2
    3. Converter ×2
    4. Wind
    5. Converter
    6. Wind
    7. Advanced Construction BotT2 con botfor Air
    8. Wind ×2
    9. Converter
    10. Wind
    11. Converter
    12. Advanced Metal ExtractorT2 mexdone 7:42 · typical 5:29
    13. Wind ×11
    14. Advanced Construction BotT2 con botfor Beach sea
    15. Wind
    16. Advanced Construction BotT2 con botfor Pond
    17. Wind ×2
    18. Advanced Metal ExtractorT2 mex
    19. Wind
    20. ButlerButler ×2
    21. Advanced Metal ExtractorT2 mex
    22. Advanced Construction BotT2 con botfor Geo sea
    23. Wind
    24. Advanced Metal ExtractorT2 mex
    25. Advanced Construction BotT2 con bot
    26. ButlerButler ×7
    27. Wind
    28. ButlerButler
    29. Wind ×5
    30. Fusion ReactorFusiondone 13:00
    31. Wind ×4
    32. Con turret ×2
    33. Wind
    34. Con turret ×2
    35. Advanced Bot LabEat Advanced Bot Labreclaimed for its metal
    36. Wind ×8
    37. Converter
    38. Wind ×2
    39. JunoJuno
    40. Converter
    41. Wind
    42. T2 converter
    43. Wind
    44. Converter
    45. Wind ×2
    46. Converter
    47. Wind
    48. Converter
    49. Wind ×2
    50. Converter
    51. Wind
    52. Fusion ReactorFusion
    53. Wind ×8
    54. Con turret
    55. Wind ×3
    56. T2 converter
    57. Wind
    58. Converter
    59. Wind ×3
    60. Converter ×2
    61. Wind ×4
    62. T2 converter
    63. Converter ×2
    64. Con turret
    65. Wind ×2
    66. Converter ×2
    67. Con turret
    68. Wind ×2
    69. Converter ×2
    70. Wind
    71. Energy storage

Counts are medians over the build's games: half of them build more, half fewer. The example game is Reasonable1337's (33 OS, 21/09/2026); pick another.

Team trades

IN AT LEAST 30% OF ITS GAMES

You hand over

  • Construction Bot1 Con bot to Airfirst at 2:23 · in 84% of games
  • Advanced Construction Bot5 T2 con bot to Air or Pond or Geo seafirst at 4:50 · in 99% of games
  • Butler2 Butler to Geo sea or Beach sea or Pondfirst at 9:06 · in 42% of games

You get

  • Hercules1 Light transport from Airfirst at 4:01 · in 86% of games

How it plays out

Typical game of this build, running totals by minute

Metal produced

020k40k
0:005:0010:0015:00

metal

Enemy metal destroyed

050100150
0:005:0010:0015:00

metal

Own metal lost

050100150
0:005:0010:0015:00

metal

1902 games.

Show as table
ByMetal produced: This buildEnemy metal destroyed: This buildOwn metal lost: This build
1:0038300
2:0091500
3:00165200
4:00314300
5:00484800
6:00580100
7:00723000
8:00906400
9:001117800
10:001352000
11:001624200
12:001965200
13:002343000
14:0027286074
15:0031512108130
WHAT THE NUMBERS SAY

Standard Tech play barely fights at all early, instead pouring metal into T2 infrastructure and constructors for the team.

  • + Metal produced hits 31679 by 15:00, by far the highest of any role here.
  • + T2 factory reached in 97% of games by 4:15, fastest and most reliable T2 timing.
  • − Enemy metal destroyed stays at 0 through 10:00, no early offense at all.
  • − Own metal lost also near 0, showing total avoidance of combat risk.
THE EXAMPLE YOU ARE READING

Reasonable1337

33.2 OS · 21/09/2026

Open source match ↗

2 received units
540 metal received · 35468 energy received

Allied construction assistance is unknown. Timings are observations, not a promise of solo reproducibility.

Typical milestones

Bot Lab1:18Middle 50%: 1:13–1:32 · n=1902
Advanced Bot Lab4:16Middle 50%: 4:04–4:30 · n=1895
Advanced Metal Extractor5:29Middle 50%: 5:05–5:59 · n=1898

Played most by

Amrissa96games of this buildTheGeneraI70games of this buildAdeus57games of this buildEl_Turco55games of this buildKOT_44games of this build